 Dungeon Crawl Stone Soup version 0.30-a0-626-gd6a5dd7a1f (webtiles) character file.

Game seed: 3055726597281916244

1599 Sabo the Arsonist (level 8, 0/48 HPs)
             Began as an Octopode Fire Elementalist on Jan 11, 2023.
             Was a Follower of Vehumet.
             Slain by a two-headed ogre
             ... wielding a +0 giant club
              (19 damage)
             ... on level 6 of the Dungeon.
             The game lasted 00:33:43 (7427 turns).

Sabo the Arsonist (Octopode Fire Elementalist)      Turns: 7427, Time: 00:33:43

Health: 0/48       AC:  1    Str:  7    XL:     8   Next: 94%
Magic:  16/26      EV: 13    Int: 20    God:    Vehumet [*.....]
Gold:   277        SH:  0    Dex: 12    Spells: 17/20 levels left

rFire   + . .      SeeInvis .    i - +5 short sword of Taxation {speed, rElec rPois}
rCold   x . .      Faith    .    (no shield)
rNeg    . . .      Spirit   .    (helmet restricted)
rPois   +          Reflect  .    (no amulet)
rElec   +          Harm     .    j - ring of poison resistance
rCorr   .          Rampage  .    s - ring of willpower
Will    +....                    v - ring of magical power
Stlth   +++                      y - ring of fire
HPRegen 0.28/turn                (no ring)
MPRegen 0.20/turn                (no ring)
                                 (no ring)
                                 (no ring)

@: very slightly contaminated
A: almost no armour, amphibious, 8 rings, camouflage 1, gelatinous body 1,
(nimble swimmer 1), tentacles
a: Renounce Religion


You were on level 6 of the Dungeon.
You worshipped Vehumet.
Vehumet was aware of your devotion.
You visited 1 branch of the dungeon, and saw 6 of its levels.

You collected 277 gold pieces.

Inventory:

Hand Weapons
 d - a +0 sling of flaming
 i - the +5 short sword of Taxation (weapon) {speed, rElec rPois}
   (You found it on level 2 of the Dungeon)

   rElec:     It insulates you from electricity.
   rPois:     It protects you from poison.
 u - a +2 hand axe of electrocution
 x - the +5 dagger "Non Ziyt" {drain, *Slow rPois Str+2 Int+2}
   (You took it off an orc on level 4 of the Dungeon)

   Str:       It affects your strength (+2).
   Int:       It affects your intelligence (+2).
   rPois:     It protects you from poison.
   *Slow:     It may slow you when you take damage.
 B - the +9 broad axe "Voclenk" {freeze, rC++ Int-3 Dex-3 Stlth+}
   (You found it on level 5 of the Dungeon)

   Int:       It affects your intelligence (-3).
   Dex:       It affects your dexterity (-3).
   rC:        It greatly protects you from cold.
   Stlth:     It makes you more stealthy.
Missiles
 D - 3 boomerangs
Jewellery
 j - a ring of poison resistance (left tentacle)
 s - a ring of willpower (right tentacle)
 v - a ring of magical power (on tentacle)
 y - a ring of fire (on tentacle)
Wands
 t - a wand of charming (12)
 w - a wand of mindburst (16)
 A - a wand of roots (12)
 C - a wand of digging (5)
Scrolls
 b - a scroll of enchant weapon
 e - 2 scrolls of fog
 f - a scroll of brand weapon
 l - a scroll of blinking
 m - a scroll of noise {unknown}
 q - a scroll of amnesia
 r - 3 scrolls of teleportation
 E - a scroll of enchant armour {unknown}
Potions
 c - a potion of magic
 g - 2 potions of mutation {unknown}
 h - 4 potions of curing
 k - a potion of flight {unknown}
 n - 3 potions of ambrosia {unknown}
 o - a potion of invisibility {unknown}
 p - 2 potions of lignification {unknown}
 z - a potion of attraction {unknown}
 F - a potion of heal wounds {unknown}


   Skills:
 + Level 1.3 Fighting
 + Level 1.0 Short Blades
 + Level 1.1 Maces & Flails
 + Level 2.5 Dodging
 + Level 4.0 Stealth
 + Level 0.1 Unarmed Combat
 + Level 6.6 Spellcasting
 + Level 1.3 Conjurations
 + Level 8.0 Fire Magic


You had 17 spell levels left.
You knew the following spells:

 Your Spells              Type           Power      Damage    Failure   Level
a - Foxfire               Conj/Fire      100%       2x1d9     1%          1
b - Scorch                Fire           100%       2d10      1%          2

Your spell library contained the following spells:

 Spells                   Type           Power      Damage    Failure   Level
 Magic Dart               Conj           48%        1d5       5%          1
 Inner Flame              Hex/Fire       34%        N/A       5%          3
 Necrotise                Necr           24%        1d5       10%         1
 Kindle Blastsparks       Fire/Tloc/Air  52%        2d14      10%         3
 Flame Wave               Conj/Fire      38%        2d10      14%         4
 Passwall                 Tmut/Erth      5%         N/A       16%         2
 Stone Arrow              Conj/Erth      18%        3d8       22%         3
 Gell's Gravitas          Tloc           6%         N/A       30%         3
 Lesser Beckoning         Tloc           12%        N/A       30%         3
 Teleport Other           Tloc           6%         N/A       30%         3
 Tukima's Dance           Hex            6%         N/A       30%         3
 Passage of Golubria      Tloc           6%         N/A       69%         4
 Yara's Violent Unravell  Hex/Tmut       3%         3d4       95%         5
 Statue Form              Tmut/Erth      4%         N/A       100%        6


Dungeon Overview and Level Annotations

Branches:
Dungeon (6/15)             Temple (0/1) D:5

Altars:
Fedhas
Qazlal
Vehumet
Xom
Zin

Shops:
D:1 (


Innate Abilities, Weirdness & Mutations

You cannot wear most types of armour.
You are amphibious.
You can wear up to eight rings at the same time.
Your skin changes colour to match your surroundings (Stealth+).
Your rubbery body absorbs attacks. (AC +1, EV +1)
((You are camouflaged when in or above water. (Stealth+)))
You have tentacles for arms and can constrict up to eight enemies at once.


Message History

You start resting.
A two-headed ogre comes into view. It is wielding two +0 giant clubs.
The two-headed ogre shouts in stereo!
You see here a howler monkey corpse.
Casting: Scorch (safe; 1% risk of failure)
Confirm with . or Enter, or press ? or * to list all spells.
You feel a surge of power!
Flames lash the two-headed ogre.
The two-headed ogre is moderately wounded.
The two-headed ogre's fire resistance burns away.
Unknown command.
Casting: Scorch (safe; 1% risk of failure)
Confirm with . or Enter, or press ? or * to list all spells.
You feel a surge of power!
Flames lash the two-headed ogre.
The two-headed ogre is burned terribly!
The two-headed ogre is moderately wounded.
The two-headed ogre hits you with a +0 giant club!!
Ouch! That really hurt!
The two-headed ogre misses you.
Unknown command.
Casting: Scorch (safe; 1% risk of failure)
Confirm with . or Enter, or press ? or * to list all spells.
You feel a surge of power!
Flames lash the two-headed ogre.
The two-headed ogre is burned terribly!
The two-headed ogre is severely wounded.
Unknown command.
Casting: Scorch (safe; 1% risk of failure)
Confirm with . or Enter, or press ? or * to list all spells.
You feel a surge of power!
You miscast Scorch.
You are very lightly contaminated with residual magic.
Nothing appears to happen.
The two-headed ogre hits you with a +0 giant club.
The two-headed ogre closely misses you.
Unknown command.
Casting: Scorch (safe; 1% risk of failure)
Confirm with . or Enter, or press ? or * to list all spells.
You feel a surge of power!
Flames lash the two-headed ogre.
The two-headed ogre is burned terribly!
The two-headed ogre is almost dead.
The two-headed ogre hits you with a +0 giant club!!
You die...

...#...)#...............#
........##.......8.8.8..#
...<....................#
..#......##..#...8.8....#
# ##....###..#..........#
###..# ##...8.8.8.8..#
#.#####..††........# #.#
#.......#####..# #..
#.##(..@..# ## ......
#....O.....#
.##...##....##### . #...
....... ##..##....... #.
(......... ...#..##..
.#..#... ..


You could see a two-headed ogre (combustible).

Vanquished Creatures
  Grinder (D:3)
  Menkaure (D:5)
  Edmund (D:5)
  A water moccasin (D:5)
  A black bear (D:6)
  The ghost of mandoloar the Chopper, an amateur MiFi (D:3)
  2 phantoms
  2 scorpions
  A howler monkey (D:6)
  A hound (D:5)
  2 orc priests (D:5)
  2 jellies (D:4)
  Jessica (D:2)
  2 iguanas
  5 orc wizards (D:5)
  4 gnolls (D:3)
  7 adders
  2 shadow imps (D:5)
  2 worms
  2 dart slugs
  15 orcs
  10 ball pythons
  8 endoplasms
  5 giant cockroaches
  9 hobgoblins
  7 quokkas
  3 bats
  3 frilled lizards
  7 goblins
  8 kobolds
  2 rats (D:1)
118 creatures vanquished.

Vanquished Creatures (others)
  33 foxfires (D:1)
33 creatures vanquished.

Grand Total: 151 creatures vanquished

Notes
Turn   | Place    | Note
-------+----------+-------------------------------------------
     0 | D:1      | Sabo the Octopode Fire Elementalist began the quest for the
                  | Orb.
     0 | D:1      | Reached XP level 1. HP: 11/11 MP: 3/3
   153 | D:1      | Reached XP level 2. HP: 11/17 MP: 1/5
   535 | D:1      | Found Ythrod's Weapon Shop.
   963 | D:1      | Reached XP level 3. HP: 21/21 MP: 4/6
   984 | D:1      | Learned a level 2 spell: Scorch
  1503 | D:2      | You fall into a shaft and drop 2 floors!
  2107 | D:2      | Identified the +5 short sword of Taxation {speed, rElec
                  | rPois}
  2404 | D:2      | Noticed Jessica
  2407 | D:2      | Killed Jessica
  2408 | D:2      | Reached skill level 1 in Maces & Flails
  2408 | D:2      | Reached skill level 4 in Fire Magic
  2408 | D:2      | Reached XP level 4. HP: 27/27 MP: 3/8
  2877 | D:3      | Found a blossoming altar of Fedhas.
  2887 | D:3      | Found a radiant altar of Vehumet.
  2892 | D:3      | Became a worshipper of Vehumet
  3197 | D:3      | Reached XP level 5. HP: 31/31 MP: 1/9
  3752 | D:3      | Found a runed translucent door.
  3763 | D:3      | Noticed mandoloar's ghost (amateur MiFi)
  3874 | D:3      | Noticed Grinder
  3882 | D:3      | Killed Grinder
  3883 | D:3      | Reached skill level 5 in Fire Magic
  3883 | D:3      | Reached XP level 6. HP: 24/36 MP: 1/12
  4080 | D:3      | Found a stormy altar of Qazlal.
  4080 | D:3      | Found a glowing silver altar of Zin.
  4081 | D:3      | Found a shimmering altar of Xom.
  4549 | D:3      | Killed mandoloar's ghost
  4550 | D:3      | Reached XP level 7. HP: 40/41 MP: 4/13
  5462 | D:4      | Reached skill level 6 in Fire Magic
  5790 | D:4      | Identified the +5 dagger "Non Ziyt" {drain, *Slow rPois
                  | Str+2 Int+2}
  6184 | D:5      | Entered Level 5 of the Dungeon
  6192 | D:5      | Noticed Menkaure
  6196 | D:5      | Killed Menkaure
  6197 | D:5      | Reached skill level 5 in Spellcasting
  6285 | D:5      | Reached XP level 8. HP: 47/47 MP: 7/15
  6286 | D:5      | Reached * piety under Vehumet
  6286 | D:5      | Offered knowledge of Magic Dart by Vehumet.
  6522 | D:5      | Identified the +9 broad axe "Voclenk" {freeze, rC++ Int-3
                  | Dex-3 Stlth+}
  6529 | D:5      | Found a staircase to the Ecumenical Temple.
  6548 | D:5      | Reached skill level 1 in Fighting
  6590 | D:5      | Noticed Edmund
  6599 | D:5      | Killed Edmund
  6600 | D:5      | Reached skill level 1 in Short Blades
  6680 | D:5      | Reached skill level 7 in Fire Magic
  6872 | D:5      | Got the Folio of Arenous Mortification
  7370 | D:6      | Reached skill level 8 in Fire Magic
  7419 | D:6      | Noticed a two-headed ogre
  7427 | D:6      | Slain by a two-headed ogre

Illustrated notes

Levels and vault maps discovered:
D:1:      roderic_dead_forest, layout_loops_corners, serial_shops,
          nicolae_shop_advertising_works [nicolae_subvault_shop_adworks],
          minmay_tromino_i2
D:2:      layout_loops_ring, uniq_jessica
D:3:      layout_loops_corners, gammafunk_temple_overflow_claw,
          mainiacjoe_overflow_big_doors, ebering_ghost_reflecting_pool,
          uniq_grinder
D:4:      layout_loops_ring
D:5:      layout_cave_pools, minmay_temple_entry_sparse_star, uniq_edmund,
          uniq_menkaure
D:6:      layout_cave_pools, gammafunk_ghost_nasty_kobolds, serial_column_ruins,
          column_ruins_hut_ruined, column_ruins_hut_ruined,
          column_ruins_open_large, column_ruins_grid_1,
          column_ruins_columns_corner, column_ruins_open_medium,
          column_ruins_grid_4, column_ruins_open_small, column_ruins_open_small,
          kennysheep_minor_cross, uniq_eustachio

Skill      XL: |  1  2  3  4  5  6  7  8 |
---------------+-------------------------+-----
Maces & Flails | 1 |  1.1
Fire Magic     | 4 5 6 8 |  8.0
Stealth        | 3 4 |  4.0
Spellcasting   | 3 4 5 6 |  6.6
Fighting       | 1 |  1.3
Short Blades   | 1 |  1.0
Dodging        | |  2.5
Unarmed Combat | |  0.1
Conjurations   | |  1.3

Action                   |  1- 3 |  4- 6 |  7- 9 || total
-------------------------+-------+-------+-------++-------
Melee: Unarmed           |    20 |       |       ||    20
       Tentacles         |     8 |     1 |     1 ||    10
       Constrict         |     5 |     4 |       ||     9
       Mace              |     7 |       |       ||     7
       Short sword       |    10 |    14 |     4 ||    28
 Cast: Foxfire           |    21 |       |       ||    21
       Scorch            |    19 |    36 |    91 ||   146
  Use: Scroll            |       |     2 |     6 ||     8
       Potion            |       |     1 |     1 ||     2
 Stab: Sleeping          |       |     1 |       ||     1
Armor: Skin              |     2 |       |       ||     2
Dodge: Dodged            |    20 |    15 |    29 ||    64

Table legend: (Time is in decaauts)
 A = Elapsed time spent in this place.
 B = Non-inter-level travel time spent in this place.
 C = Inter-level travel time spent in this place.
 D = Time resting spent in this place.
 E = Time spent auto-exploring this place.
 F = Levels seen in this place.
 G = Mean time per level.
                   A        B        C        D        E       F      G
               +--------+--------+--------+--------+--------+-----+--------+
         Total |   7416 |   7416 |      0 |   3124 |      0 |   6 | 1236.0 |
       Dungeon |   7416 |   7416 |      0 |   3124 |      0 |   6 | 1236.0 |
               +--------+--------+--------+--------+--------+-----+--------+

Top non-repeatable levels by time:
     D:3: 2008 daAuts
     D:4: 1592 daAuts
     D:1: 1471 daAuts
     D:2: 1161 daAuts
     D:5: 1032 daAuts
     D:6: 150 daAuts
